 Dungeon Sprint DCSS version 0.28-a0-224-g76b539d98b (webtiles) character file.

Game seed: 15019133993498079366

46 tbh1313 the Skirmisher (level 3, -4/33 (35) HPs)
             Began as a Gnoll Wanderer on Aug 22, 2021.
             Slain by Crazy Yiuf (7 damage)
             ... in the Dungeon (Sprint III: "The Ten Rune Challenge").
             The game lasted 00:00:44 (354 turns).

tbh1313 the Skirmisher (Gnoll Wanderer)              Turns: 354, Time: 00:00:45

HP:   -4/33 (35)    AC:  4    Str: 11    XL:     3   Next: 68%
MP:   6/6           EV: 17    Int: 10    God:
Gold: 12            SH:  0    Dex: 13    Spells: 6/6 levels left

rFire   . . .      SeeInvis .   a - +2 falchion
rCold   . . .      Faith    .   (no shield)
rNeg    . . .      Spirit   .   j - +2 robe {Will+}
rPois   .          Reflect  .   (no helmet)
rElec   .          Harm     .   (no cloak)
rCorr   .          Rampage  .   (no gloves)
Will    +....      NoTele   +   (no boots)
Stlth   ++........              (no amulet)
HPRegen 0.11/turn               (no ring)
MPRegen 0.10/turn               (no ring)

@: agile, drained
A: fangs 1, strong nose, distributed training
a: no special abilities


You were in the Dungeon.
You visited 1 branch You collected 12 gold pieces.

Inventory:

Hand Weapons
 a - a +2 falchion (weapon)
Armour
 b - a +0 ring mail
 j - a +2 robe of willpower (worn)
Scrolls
 h - a scroll of blinking
 i - a scroll of identify {unknown}
Potions
 c - 2 potions of curing
 e - a potion of haste
 f - 2 potions of magic
 g - a potion of berserk rage


   Skills:
 + Level 6.9 Fighting
 + Level 2.1 Short Blades
 + Level 5.1 Long Blades
 + Level 2.1 Axes
 + Level 2.1 Maces & Flails
 + Level 2.1 Polearms
 + Level 2.1 Staves
 + Level 2.1 Slings
 + Level 2.1 Bows
 + Level 2.1 Crossbows
 + Level 2.1 Throwing
 + Level 5.1 Armour
 + Level 2.1 Dodging
 + Level 3.2 Stealth
 + Level 3.4 Shields
 + Level 2.1 Unarmed Combat
 + Level 2.1 Spellcasting
 + Level 1.7 Conjurations
 + Level 1.7 Hexes
 + Level 1.7 Summonings
 + Level 1.7 Necromancy
 + Level 1.7 Translocations
 + Level 1.7 Transmutations
 + Level 1.7 Fire Magic
 + Level 1.7 Ice Magic
 + Level 1.7 Air Magic
 + Level 1.7 Earth Magic
 + Level 1.7 Poison Magic
 + Level 2.4 Invocations
 + Level 3.4 Evocations


You had 6 spell levels left.
You didn't know any spells.
Your spell library was empty.

Dungeon Overview and Level Annotations

Branches:
Dungeon (1/1)

Altars:

Annotations:
D Crazy Yiuf


Innate Abilities, Weirdness & Mutations

You have very sharp teeth.
Your uncanny sense of smell can sniff out nearby items.
Your experience applies equally to all skills.


Message History

Your Armour skill increases to level 5!
Your Dodging skill increases to level 2!
Your Unarmed Combat skill increases to level 2!
Your Spellcasting skill increases to level 2!
You start resting.
Magic restored.
You start resting.
HP restored.
Crazy Yiuf the Enlightened comes into view.
He is wielding a +3 quarterstaff of chaos.
Crazy Yiuf shouts!
Okay, then.
Press: ? - help, v - describe, . - travel
Here: Crazy Yiuf, wielding a +3 quarterstaff of chaos and wearing a +0 cloak The floor.
You hit Crazy Yiuf.
Crazy Yiuf is moderately wounded.
Crazy Yiuf hits you with a +3 quarterstaff of chaos!
You feel agile all of a sudden.
You hit Crazy Yiuf.
Crazy Yiuf is moderately wounded.
Crazy Yiuf barely misses you.
You hit Crazy Yiuf but do no damage.
Crazy Yiuf is moderately wounded.
Crazy Yiuf closely misses you.
You slash Crazy Yiuf!
Crazy Yiuf is severely wounded.
Crazy Yiuf misses you.
You barely miss Crazy Yiuf.
Crazy Yiuf is severely wounded.
Crazy Yiuf hits you with a +3 quarterstaff of chaos!
You are electrocuted!
* * * LOW HITPOINT WARNING * * *
You feel much better.
Crazy Yiuf hits you with a +3 quarterstaff of chaos!
You feel drained.
* * * LOW HITPOINT WARNING * * *
You hit Crazy Yiuf but do no damage.
Crazy Yiuf is severely wounded.
Crazy Yiuf hits you with a +3 quarterstaff of chaos!
You die...

▓▓▓▓ ▓▓▓▓▓▓▓
▓<.#∆∆+..... ♣
▓..#∆∆#....♣.♣
▓#'####....♣.♣
▓.....#.g..≈♣
▓.....#.@.≈≈♣♣♣♣.
▓.....#..≈≈≈≈♣..♣.
▓####'#..≈≈≈≈≈≈♣..
▓.....#.≈≈≈≈≈≈....
▓...).#.≈≈≈≈≈.....
▓.....#.≈≈≈.......
▓'#####...........
▓..........†......
▓▓▓▓▓▓▓▓▓▓▓▓▓▓▓▓▓▓


You could see Crazy Yiuf.

Levels and vault maps discovered:
D:        dungeon_sprint_mu [sprint_mu_entry_forest, sprint_mu_temple_rooms,
          sprint_mu_d1_spiders, sprint_mu_d2_genie, sprint_mu_d3_branching,
          sprint_mu_orc_legion, sprint_mu_elf_gauntlet, sprint_mu_hive_nellie,
          sprint_mu_lair_fedhas, sprint_mu_vaults_butterflies,
          sprint_mu_slime_circle, sprint_mu_swamp_cave, sprint_mu_shoals_kraken,
          sprint_mu_blade_basic, sprint_mu_crypt_fortress,
          sprint_mu_tomb_spiral, sprint_mu_vestibule_basic,
          sprint_mu_gehenna_hellfire, sprint_mu_dis_giant,
          sprint_mu_tartarus_statrot, sprint_mu_cocytus_islands, sprint_mu_zot1]

Notes
Turn   | Place    | Note
-------+----------+-------------------------------------------
     0 | D        | tbh1313 the Gnoll Wanderer began the quest for the Orb.
     0 | D        | tbh1313 set off with the following items: a +2 falchion, a
                  | +0 ring mail, 2 potions of curing, a potion of heal wounds,
                  | a potion of haste, 2 potions of magic, a potion of berserk
                  | rage, a scroll of blinking
     0 | D        | Reached XP level 1. HP: 23/23 MP: 1/1
    48 | D        | Noticed Jessica
    54 | D        | Killed Jessica
    55 | D        | Reached skill level 1 in Short Blades
    55 | D        | Reached skill level 1 in Axes
    55 | D        | Reached skill level 1 in Maces & Flails
    55 | D        | Reached skill level 1 in Polearms
    55 | D        | Reached skill level 1 in Staves
    55 | D        | Reached skill level 1 in Slings
    55 | D        | Reached skill level 1 in Bows
    55 | D        | Reached skill level 1 in Crossbows
    55 | D        | Reached skill level 1 in Throwing
    55 | D        | Reached skill level 1 in Dodging
    55 | D        | Reached skill level 1 in Unarmed Combat
    55 | D        | Reached skill level 1 in Spellcasting
    55 | D        | Reached skill level 1 in Conjurations
    55 | D        | Reached skill level 1 in Hexes
    55 | D        | Reached skill level 1 in Summonings
    55 | D        | Reached skill level 1 in Necromancy
    55 | D        | Reached skill level 1 in Translocations
    55 | D        | Reached skill level 1 in Transmutations
    55 | D        | Reached skill level 1 in Fire Magic
    55 | D        | Reached skill level 1 in Ice Magic
    55 | D        | Reached skill level 1 in Air Magic
    55 | D        | Reached skill level 1 in Earth Magic
    55 | D        | Reached skill level 1 in Poison Magic
    55 | D        | Reached XP level 2. HP: 18/29 MP: 1/4
    55 | D        | Reached XP level 3. HP: 22/35 MP: 1/5
   200 | D        | Reached skill level 5 in Long Blades
   200 | D        | Reached skill level 5 in Armour
   343 | D        | Noticed Crazy Yiuf
   352 | D        | HP: 2/35 [Crazy Yiuf (17)]
   354 | D        | Slain by Crazy Yiuf

Table legend: (Time is in decaauts)
 A = Elapsed time spent in this place.
 B = Non-inter-level travel time spent in this place.
 C = Inter-level travel time spent in this place.
 D = Time resting spent in this place.
 E = Time spent auto-exploring this place.
 F = Levels seen in this place.
 G = Mean time per level.
                   A        B        C        D        E       F      G
               +--------+--------+--------+--------+--------+-----+--------+
         Total |    355 |    355 |      0 |    173 |    118 |   1 |  355.0 |
       Dungeon |    355 |    355 |      0 |    173 |    118 |   1 |  355.0 |
               +--------+--------+--------+--------+--------+-----+--------+

Top non-repeatable levels by time:
       D: 355 daAuts

Table legend:
 A = Kills in this place as a percentage of kills in entire the game.
 B = Kills by you in this place as a percentage of kills by you in the entire game.
 C = Kills by friends in this place as a percentage of kills by friends in the entire game.
 D = Other kills in this place as a percentage of other kills in the entire game.
 E = Experience gained in this place as a percentage of experience gained in the entire game.
 F = Experience gained in this place divided by the number of levels of this place that you have seen.
                   A       B       C       D       E      F
               +-------+-------+-------+-------+-------+----------------------
         Total | 100.0 | 100.0 |   N/A |   N/A | 100.0 |  67.0
       Dungeon | 100.0 | 100.0 |   N/A |   N/A | 100.0 |  67.0
               +-------+-------+-------+-------+-------+----------------------

Action                   || total
-------------------------++-------
Melee: Falchion          ||    32
       Bite              ||     4
  Use: Potion            ||     1
 Stab: Sleeping          ||     1
Armor: Ring mail         ||     3
       Robe              ||     3
Dodge: Dodged            ||    18
       Rpst.: Falchion   ||     4

Vanquished Creatures
  Jessica (D)
  A human (D)
  An endoplasm (D)
  2 rats (D)
5 creatures vanquished.

Vanquished Creatures (others)
  A plant (D)
1 creature vanquished.

Grand Total: 6 creatures vanquished
